 Dungeon Crawl Stone Soup version 0.28.0 (webtiles) character file.

Game seed: 7582776291572258770

9723 Renzlar the Blocker (level 11, -19/71 HPs)
             Began as a Gnoll Fighter on Feb 12, 2022.
             Was a High Priest of Okawaru.
             Demolished by a large abomination (21 damage)
             ... on level 2 of the Abyss.
             The game lasted 00:33:34 (12431 turns).

Renzlar the Blocker (Gnoll Fighter)                Turns: 12431, Time: 00:33:35

Health: -19/71     AC: 16    Str: 19    XL:     11   Next: 50%
Magic:  20/20      EV: 10    Int:  7    God:    Okawaru [*****.]
Gold:   492        SH:  7    Dex: 17    Spells: 22/22 levels left

rFire   . . .      SeeInvis .   a - +3 war axe (flame)
rCold   . . .      Faith    .   f - +0 buckler
rNeg    . . .      Spirit   .   A - +0 chain mail
rPois   +          Reflect  .   B - +1 hat of the Mackerel {rPois Int+4 Dex+4}
rElec   .          Harm     .   e - +0 cloak
rCorr   .          Rampage  .   i - +0 pair of gloves
Will    .....                   j - +0 pair of boots
Stlth   ..........              (no amulet)
HPRegen 0.21/turn               (no ring)
MPRegen 0.17/turn               (no ring)

@: no status effects
A: fangs 1, strong nose, distributed training, [dopey 2], [frail 2]
a: Renounce Religion, Heroism, Finesse, Duel


You were on level 2 of the Abyss.
You worshipped Okawaru.
Okawaru was extremely pleased with you.
You visited 2 branches of the dungeon, and saw 11 of its levels.
You visited the Abyss 1 time.

You collected 492 gold pieces.

Inventory:

Hand Weapons
 a - a +3 war axe of flaming (weapon)
 c - a +0 hunting sling
Missiles
 b - a throwing net
 g - 97 sling bullets
 h - 17 poisoned darts (quivered)
 n - 107 stones
 w - 69 bolts
Armour
 e - a +0 cloak (worn)
 f - a +0 buckler (worn)
 i - a +0 pair of gloves (worn)
 j - a +0 pair of boots (worn)
 p - the +3 leather armour of Wonder {rC+}
   (You found it on level 3 of the Dungeon)

   rC:        It protects you from cold.
 A - a +0 chain mail (worn)
 B - the +1 hat of the Mackerel (worn) {rPois Int+4 Dex+4}
   (You acquired it on level 6 of the Dungeon)

   Int:       It affects your intelligence (+4).
   Dex:       It affects your dexterity (+4).
   rPois:     It protects you from poison.
Jewellery
 z - a ring of ice
Wands
 o - a wand of mindburst (27)
 y - a wand of flame (32)
 C - a wand of digging (3)
 E - a wand of paralysis (3)
Scrolls
 s - 3 scrolls of teleportation
 t - 2 scrolls of amnesia
 u - a scroll of silence
 v - 3 scrolls of fog
 D - a scroll of enchant armour
Potions
 d - a potion of might
 k - 2 potions of mutation
 l - 2 potions of curing
 m - 4 potions of flight
 q - a potion of cancellation {unknown}
 r - a potion of ambrosia {unknown}
 x - a potion of resistance
 F - a potion of invisibility {unknown}


   Skills:
 + Level 9.2 Fighting
 + Level 6.3 Short Blades
 + Level 6.3 Long Blades
 + Level 7.9 Axes
 + Level 6.3 Maces & Flails
 + Level 6.3 Polearms
 + Level 6.3 Staves
 + Level 6.3 Slings
 + Level 6.3 Bows
 + Level 6.3 Crossbows
 + Level 6.3 Throwing
 + Level 9.2 Armour
 + Level 6.3 Dodging
 + Level 6.3 Stealth
 + Level 9.2 Shields
 + Level 6.3 Unarmed Combat
 + Level 6.3 Spellcasting
 + Level 5.2 Conjurations
 + Level 5.2 Hexes
 + Level 5.2 Summonings
 + Level 5.2 Necromancy
 + Level 5.2 Translocations
 + Level 5.2 Transmutations
 + Level 5.2 Fire Magic
 + Level 5.2 Ice Magic
 + Level 5.2 Air Magic
 + Level 5.2 Earth Magic
 + Level 5.2 Poison Magic
 + Level 7.0 Invocations
 + Level 6.3 Evocations


You had 22 spell levels left.
You didn't know any spells.
Your spell library contained the following spells:

 Spells                   Type           Power      Damage    Failure   Level
 Apportation              Tloc           18%        N/A       28%         1
 Passage of Golubria      Tloc           9%         N/A       95%         4
 Silence                  Hex/Air        4%         N/A       100%        5
 Lehudib's Crystal Spear  Conj/Erth      4%         10d3      100%        8
 Animate Skeleton         Necr           Unusable   N/A       N/A         1
 Summon Small Mammal      Summ           Unusable   N/A       N/A         1

Dungeon Overview and Level Annotations

Branches:
Dungeon (10/15)            Temple (1/1) D:5            Lair (0/6) D:10
    Orc (0/2) D:10

Altars:
Ashenzari
Cheibriados
Dithmenos
Elyvilon
Fedhas
Gozag
Hepliaklqana
Kikubaaqudgha
Makhleb
Nemelex Xobeh
Okawaru
Qazlal
Ru
Sif Muna
Trog
Uskayaw
Vehumet
Wu Jian
Xom
Yredelemnul
Zin
The Shining One
Beogh

Shops:
D:4 ((   D:6 *   D:8 *


Innate Abilities, Weirdness & Mutations

You have very sharp teeth.
Your uncanny sense of smell can sniff out nearby items.
Your experience applies equally to all skills.
[You are very dopey. (Int -4)]
[You are very frail. (-20% HP)]


Message History

The large abomination is lightly damaged.
You hit the thrashing horror.
The thrashing horror tramples you but does no damage.
The thrashing horror completely misses you.
The large abomination hits you!!
You hit the large abomination. You burn the large abomination.
You bite the large abomination, but do no damage.
The large abomination is moderately damaged.
The thrashing horror tramples you.
* * * LOW HITPOINT WARNING * * *
You stumble backwards!
The thrashing horror tramples you!
* * * LOW HITPOINT WARNING * * *
You hold your ground!
The thrashing horror misses you.
You are too injured to fight recklessly!
You are too injured to fight recklessly!
You are too injured to fight recklessly!
You hit the thrashing horror.
The thrashing horror is lightly damaged.
You hit the large abomination. You burn the large abomination.
The thrashing horror tramples you but does no damage.
You block the thrashing horror's attack.
The large abomination hits you.
* * * LOW HITPOINT WARNING * * *
You closely miss the thrashing horror.
The thrashing horror is lightly damaged.
You closely miss the large abomination. The thrashing horror barely misses you.
The thrashing horror tramples you but does no damage.
The thrashing horror tramples you.
* * * LOW HITPOINT WARNING * * *
You hold your ground!
The thrashing horror tramples you but does no damage.
The large abomination misses you.
You hit the thrashing horror.
The thrashing horror is moderately damaged.
You hit the large abomination. You burn the large abomination.
The thrashing horror closely misses you. x2
The thrashing horror barely misses you.
The thrashing horror tramples you but does no damage.
The large abomination hits you!!
You die...

.# ##...#. #..
....... ..
#..##..... . #
###### ........
. .#.. ....#
.#...#...##..
.. # #.#
..#....#..##.#.
.#.. .#
###....#......
.... .##
#....XX.......
. ....#
.###...@#..##.
# .. . . ##...#
..# .... #. #
##....# # #.
.###.#..#..#...
# ...
##...#...#.#.
...#
..#.....##.#
.#.. #...#...#
..# .....#
..#....... ..
._. ..# #.. ...
..


You could see a thrashing horror and a large abomination.

Vanquished Creatures
  A hydra (D:9)
  2 centaur warriors
  A two-headed ogre (D:10)
  A wretched star (Abyss:2)
  An ugly thing (D:10)
  Joseph (D:8)
  2 komodo dragons (D:10)
  2 dream sheep (D:9)
  Sigmund (D:5)
  10 yaks
  A culicivora (shapeshifter) (D:10)
  Edmund (D:6)
  3 water moccasins
  A sky beast (D:8)
  4 orc warriors
  2 necrophages
  4 black bears
  2 ogres
  3 centaurs
  3 kobold brigands (D:9)
  2 scorpions
  3 bullfrogs
  A gnoll sergeant (D:9)
  8 killer bees
  9 wights
  5 howler monkeys
  A centaur zombie (D:9)
  A bullfrog zombie (D:7)
  5 orc priests
  A bullfrog skeleton (D:5)
  A hound (D:6)
  A centaur skeleton (D:7)
  An iguana (D:7)
  5 orc wizards
  A hound skeleton (D:4)
  8 gnolls
  A howler monkey zombie (D:10)
  7 adders
  A howler monkey skeleton (D:7)
  2 white imps
  An ufetubus (D:5)
  A worm (D:2)
  5 dart slugs
  23 orcs
  9 bats
  7 endoplasms
  4 giant cockroaches
  7 goblins
  3 hobgoblins (D:1)
  4 jackals (D:2)
  A quokka (D:1)
  6 ball pythons
  3 frilled lizards (D:1)
  4 kobolds
  11 rats
199 creatures vanquished.

Vanquished Creatures (others)
  A human (D:10)
  44 fungi
  38 plants
83 creatures vanquished.

Grand Total: 282 creatures vanquished

Notes
Turn   | Place    | Note
-------+----------+-------------------------------------------
     0 | D:1      | Renzlar the Gnoll Fighter began the quest for the Orb.
     0 | D:1      | Reached XP level 1. HP: 23/23 MP: 1/1
   135 | D:1      | Reached XP level 2. HP: 25/29 MP: 2/2
   273 | D:1      | Reached XP level 3. HP: 35/35 MP: 3/3
   576 | D:1      | Found a faded altar of an unknown god.
   896 | D:2      | Reached skill level 1 in Invocations
  1002 | D:2      | Reached skill level 1 in Short Blades
  1002 | D:2      | Reached skill level 1 in Long Blades
  1002 | D:2      | Reached skill level 1 in Maces & Flails
  1002 | D:2      | Reached skill level 1 in Polearms
  1002 | D:2      | Reached skill level 1 in Staves
  1002 | D:2      | Reached skill level 1 in Slings
  1002 | D:2      | Reached skill level 1 in Bows
  1002 | D:2      | Reached skill level 1 in Crossbows
  1002 | D:2      | Reached skill level 1 in Throwing
  1002 | D:2      | Reached skill level 1 in Dodging
  1002 | D:2      | Reached skill level 1 in Stealth
  1002 | D:2      | Reached skill level 1 in Unarmed Combat
  1002 | D:2      | Reached skill level 1 in Spellcasting
  1002 | D:2      | Reached skill level 1 in Evocations
  1002 | D:2      | Reached XP level 4. HP: 29/41 MP: 5/5
  1004 | D:2      | Reached skill level 1 in Conjurations
  1004 | D:2      | Reached skill level 1 in Hexes
  1004 | D:2      | Reached skill level 1 in Summonings
  1004 | D:2      | Reached skill level 1 in Necromancy
  1004 | D:2      | Reached skill level 1 in Translocations
  1004 | D:2      | Reached skill level 1 in Transmutations
  1004 | D:2      | Reached skill level 1 in Fire Magic
  1004 | D:2      | Reached skill level 1 in Ice Magic
  1004 | D:2      | Reached skill level 1 in Air Magic
  1004 | D:2      | Reached skill level 1 in Earth Magic
  1004 | D:2      | Reached skill level 1 in Poison Magic
  1146 | D:2      | Reached XP level 5. HP: 37/47 MP: 6/6
  2265 | D:3      | Identified the +3 leather armour of Wonder {rC+}
  2932 | D:4      | Reached XP level 6. HP: 53/53 MP: 8/8
  2975 | D:4      | Found Paiqypi's Antique Weapon Shoppe.
  3050 | D:4      | Found Ofroqear's Weapon Shoppe.
  3170 | D:4      | Noticed a necrophage
  3178 | D:4      | Killed a necrophage
  3179 | D:4      | Reached skill level 5 in Axes
  3507 | D:5      | Entered Level 5 of the Dungeon
  3507 | D:5      | Noticed Sigmund
  3519 | D:5      | Killed Sigmund
  3520 | D:5      | Reached XP level 7. HP: 28/60 MP: 10/10
  3856 | D:5      | Found a staircase to the Ecumenical Temple.
  3865 | Temple   | Entered the Ecumenical Temple
  3969 | Temple   | Became a worshipper of Warmaster Okawaru
  4644 | D:6      | Identified the +2 robe of Umuporeogoa {Will- Regen+ Int+8}
  4719 | D:6      | Reached XP level 8. HP: 58/67 MP: 12/12
  4815 | D:6      | Found Plog's General Store.
  4932 | D:6      | Reached * piety under Okawaru
  5249 | D:6      | Noticed Edmund
  5279 | D:6      | Killed Edmund
  5770 | D:6      | Identified a scroll of acquirement
  5770 | D:6      | Acquired the +1 hat of the Mackerel {rPois Int+4 Dex+4}
  5965 | D:7      | Reached XP level 9. HP: 60/72 MP: 14/14
  7034 | D:8      | Reached ** piety under Okawaru
  7129 | D:8      | Noticed Joseph
  7133 | D:8      | Killed Joseph
  7345 | D:8      | Found Qoblerig's Overcharged Wands.
  8188 | D:9      | Reached skill level 5 in Invocations
  8350 | D:9      | Noticed a centaur warrior
  8366 | D:9      | Killed a centaur warrior
  8366 | D:9      | Reached *** piety under Okawaru
  8367 | D:9      | Reached XP level 10. HP: 34/80 MP: 15/17
  8708 | D:9      | Reached skill level 5 in Short Blades
  8708 | D:9      | Reached skill level 5 in Long Blades
  8708 | D:9      | Reached skill level 5 in Maces & Flails
  8708 | D:9      | Reached skill level 5 in Polearms
  8708 | D:9      | Reached skill level 5 in Staves
  8708 | D:9      | Reached skill level 5 in Slings
  8708 | D:9      | Reached skill level 5 in Bows
  8708 | D:9      | Reached skill level 5 in Crossbows
  8708 | D:9      | Reached skill level 5 in Throwing
  8708 | D:9      | Reached skill level 5 in Dodging
  8708 | D:9      | Reached skill level 5 in Stealth
  8708 | D:9      | Reached skill level 5 in Unarmed Combat
  8708 | D:9      | Reached skill level 5 in Spellcasting
  8708 | D:9      | Reached skill level 5 in Evocations
  9545 | D:9      | Noticed a three-headed hydra
  9552 | D:9      | Killed a one-headed hydra
  9552 | D:9      | Reached **** piety under Okawaru
 10162 | D:10     | Entered Level 10 of the Dungeon
 10357 | D:10     | Found a staircase to the Lair.
 10486 | D:10     | Reached ***** piety under Okawaru
 10496 | D:10     | Reached XP level 11. HP: 77/87 MP: 19/19
 10619 | D:10     | Found an ancient bone altar of Kikubaaqudgha.
 10689 | D:10     | Reached skill level 5 in Conjurations
 10689 | D:10     | Reached skill level 5 in Hexes
 10689 | D:10     | Reached skill level 5 in Summonings
 10689 | D:10     | Reached skill level 5 in Necromancy
 10689 | D:10     | Reached skill level 5 in Translocations
 10689 | D:10     | Reached skill level 5 in Transmutations
 10689 | D:10     | Reached skill level 5 in Fire Magic
 10689 | D:10     | Reached skill level 5 in Ice Magic
 10689 | D:10     | Reached skill level 5 in Air Magic
 10689 | D:10     | Reached skill level 5 in Earth Magic
 10689 | D:10     | Reached skill level 5 in Poison Magic
 10908 | D:10     | Noticed a two-headed ogre
 10917 | D:10     | Killed a two-headed ogre
 11085 | D:10     | Found a hazy altar of Hepliaklqana.
 11091 | D:10     | Found a shadowy altar of Dithmenos.
 11096 | D:10     | Found a glowing silver altar of Zin.
 11505 | D:10     | Found a staircase to the Orcish Mines.
 11896 | D:10     | Noticed a purple ugly thing
 11904 | D:10     | Killed a purple ugly thing
 11904 | D:10     | Received a gift from Okawaru
 12199 | D:10     | Noticed a centaur warrior
 12208 | D:10     | Killed a centaur warrior
 12365 | D:10     | Noticed a wizard
 12370 | D:10     | Cast into level 2 of the Abyss (a wizard)
 12370 | Abyss:2  | Found a corrupted altar of Lugonu.
 12387 | Abyss:2  | Noticed a wretched star
 12395 | Abyss:2  | Killed a wretched star
 12412 | Abyss:2  | Noticed a thrashing horror
 12430 | Abyss:2  | HP: 2/71 [thrashing horror (5)]
 12431 | Abyss:2  | Demolished by a large abomination

Illustrated notes

Levels and vault maps discovered:
D:1:      dpeg_arrival_water_fire, layout_basic,
          dilly_ecumenical_altar_fadedgnrine
D:2:      layout_basic
D:3:      layout_loops_corners
D:4:      layout_basic, serial_shops, nicolae_shop_behind_doors,
          nicolae_shop_competitors_out_of_business
D:5:      layout_basic, minmay_temple_entry_statues_fountains, uniq_sigmund
D:6:      nicolae_BIG_FREAKIN_CUBE, layout_basic, serial_shops, shop,
          minmay_crystal_room, uniq_edmund
D:7:      layout_gridville
D:8:      layout_basic, nicolae_shop_overcharged_wands, uniq_joseph
D:9:      layout_basic, minmay_strange_pillars, hangedman_ranch
D:10:     layout_irregular_city, minmay_overflow_temple_star_quad,
          tgw_kikubaaqudgha, due_lair_maze_entry_diamond,
          minmay_orc_entry_temple_small, minmay_evil_grid
Temple:   regret_index_temple_mists
Abyss:2:  base:
D:3

Skill      XL: |  1  2  3  4  5  6  7  8  9 10 11 |
---------------+----------------------------------+-----
Invocations    | 1 2 3 4 5 6 7 |  7.0
Short Blades   | 1 2 3 4 5 6 |  6.3
Long Blades    | 1 2 3 4 5 6 |  6.3
Maces & Flails | 1 2 3 4 5 6 |  6.3
Polearms       | 1 2 3 4 5 6 |  6.3
Staves         | 1 2 3 4 5 6 |  6.3
Slings         | 1 2 3 4 5 6 |  6.3
Bows           | 1 2 3 4 5 6 |  6.3
Crossbows      | 1 2 3 4 5 6 |  6.3
Throwing       | 1 2 3 4 5 6 |  6.3
Dodging        | 1 2 3 4 5 6 |  6.3
Stealth        | 1 2 3 4 5 6 |  6.3
Unarmed Combat | 1 2 3 4 5 6 |  6.3
Spellcasting   | 1 2 3 4 5 6 |  6.3
Evocations     | 1 2 3 4 5 6 |  6.3
Conjurations   | 1 2 3 4 5 |  5.2
Hexes          | 1 2 3 4 5 |  5.2
Summonings     | 1 2 3 4 5 |  5.2
Necromancy     | 1 2 3 4 5 |  5.2
Translocations | 1 2 3 4 5 |  5.2
Transmutations | 1 2 3 4 5 |  5.2
Fire Magic     | 1 2 3 4 5 |  5.2
Ice Magic      | 1 2 3 4 5 |  5.2
Air Magic      | 1 2 3 4 5 |  5.2
Earth Magic    | 1 2 3 4 5 |  5.2
Poison Magic   | 1 2 3 4 5 |  5.2
Axes           | 5 6 7 |  7.9
Fighting       | 7 8 9 |  9.2
Armour         | 7 8 9 |  9.2
Shields        | 7 8 9 |  9.2

Action                   |  1- 3 |  4- 6 |  7- 9 | 10-12 || total
-------------------------+-------+-------+-------+-------++-------
Melee: War axe           |    72 |   113 |   212 |   256 ||   653
       Bite              |     5 |    10 |    22 |    36 ||    73
 Fire: Hunting sling     |    11 |    16 |    69 |    75 ||   171
Invok: Heroism           |       |       |       |     3 ||     3
Evoke: Wand              |       |       |     4 |       ||     4
  Use: Scroll            |     4 |     8 |     9 |     1 ||    22
       Potion            |       |       |       |     2 ||     2
Armor: Scale mail        |    41 |    45 |    16 |       ||   102
       Chain mail        |       |       |   132 |   127 ||   259
Dodge: Dodged            |    28 |    45 |   104 |   119 ||   296
Block: Buckler           |    17 |    32 |    65 |    88 ||   202
